 Dungeon Crawl Stone Soup version 0.32-a0-673-g3729bd50f8 (webtiles) character file.

Game seed: 9758780531368192281

406 BeKind the Trooper (level 6, -1/44 HPs)
             Began as an Octopode Fighter on Mar 11, 2024.
             Was an Initiate of Okawaru.
             Succumbed to an adder's poison
             ... on level 5 of the Dungeon.
             The game lasted 00:03:18 (2584 turns).

BeKind the Trooper (Octopode Fighter)               Turns: 2584, Time: 00:03:19

Health: -1/44      AC:  1    Str: 18    XL:     6   Next: 87%
Magic:  8/9        EV: 13    Int: 10    God:    Okawaru [......]
Gold:   298        SH:  4    Dex: 11    Spells: 7/9 levels left

rFire   . . .        a - +0 trident
rCold   . . .        b - +0 buckler
rNeg    . . .        (helmet restricted)
rPois   .            (no amulet)
rElec   .            (no ring)
rCorr   .            (no ring)
SInv    .            (no ring)
Will    .....        (no ring)
Stlth   ++           (no ring)
HPRegen 0.27/turn    (no ring)
MPRegen 0.11/turn    (no ring)
                     (no ring)

%: no passive effects
@: lethally poisoned (-1 -> -16), about to teleport
A: almost no armour, amphibious, 8 rings, camouflage 1, gelatinous body 1,
(nimble swimmer 1), tentacles
a: Renounce Religion


You were on level 5 of the Dungeon.
You worshipped Okawaru.
Okawaru was noncommittal.
You visited 1 branch of the dungeon, and saw 5 of its levels.

You collected 298 gold pieces.

Inventory:

Hand Weapons
 a - a +0 trident (weapon)
 j - a +1 dagger of distortion
Armour
 b - a +0 buckler (worn)
Jewellery
 p - a ring of protection from cold
Scrolls
 i - 3 scrolls of identify {unknown}
 l - a scroll of butterflies {unknown}
 n - a scroll of immolation {unknown}
 o - a scroll of poison {unknown}
Potions
 c - 4 potions of might
 d - 2 potions of resistance {unknown}
 e - 2 potions of haste {unknown}
 f - 5 potions of enlightenment {unknown}
 g - a potion of invisibility {unknown}
 h - a potion of curing {unknown}
 k - 2 potions of mutation {unknown}


   Skills:
 + Level 4.3 Fighting
 + Level 3.6 Polearms
 + Level 4.3 Dodging
 + Level 4.3 Shields
 * Level 2.0 Spellcasting


You had 7 spell levels left.
You knew the following spells:

 Your Spells              Type           Power      Damage    Failure   Level
a - Scorch                Fire           2%         2d5       50%         2

Your spell library contained the following spells:

 Spells                   Type           Power      Damage    Failure   Level
 Flame Wave               Conj/Fire      1%         2d4       98%         4
 Summon Cactus Giant      Summ           Unusable   N/A       N/A         6

Dungeon Overview and Level Annotations

Branches:
Dungeon (5/15)
 Temple: D:4-7

Altars:
Dithmenos
Kikubaaqudgha
Okawaru

Shops:
D:3 *

Annotations:
D:3 2 transporters, occam's ghost, amateur CoHu


Innate Abilities, Weirdness & Mutations

You cannot wear most types of armour.
You are amphibious.
You can wear up to eight rings at the same time.
Your skin changes colour to match your surroundings (Stealth+).
Your rubbery body absorbs attacks. (AC +1, EV +1)
((You are camouflaged when in or above water. (Stealth+)))
You have tentacles for arms and can constrict up to eight enemies at once.


Message History

You block the scorpion's attack. The adder bites you.
The iguana barely misses you.
You hit the scorpion but do no damage. You squeeze the scorpion.
The scorpion is severely wounded.
You constrict the scorpion. The scorpion stings you!
You are poisoned.
The scorpion poisons you! The adder closely misses you. The iguana misses you.
The scorpion stings you.
You are more poisoned.
The scorpion poisons you! The adder barely misses you.
You hit the scorpion.
You kill the scorpion!
Okawaru accepts your kill.
You feel extremely sick. The adder bites you.
The iguana bites you but does no damage.
Your Spellcasting skill increases to level 2!
You are too injured to fight recklessly!
You are too injured to fight recklessly!
Unknown command.
You are too injured to fight recklessly!
You are too injured to fight recklessly!
Unknown command.
You hit the iguana but do no damage. You grab the iguana.
You squeeze the iguana.
The iguana is moderately wounded.
You constrict the iguana.
You feel very sick. The adder bites you.
You are more poisoned.
The adder poisons you! The iguana bites you!
* * * LOW HITPOINT WARNING * * *
The orc hits you with a +0 short sword.
* * * LOW HITPOINT WARNING * * *
The adder barely misses you.
Okay, then.
As you read the scroll labelled KOWYWKUV WOPPA, it crumbles to dust.
You feel strangely unstable.
It was a scroll of teleportation.
You constrict the iguana.
You die...

.. ..######+###
........?..
..........#
..........#
.........<#
......So..#
.......@..#
.......l....$..
...............
................
#######.....$...
#.......$.
#.........
#########


You could see an iguana, an adder and an orc.

Vanquished Creatures
  A scorpion (D:5)
  A bombardier beetle (D:3)
  2 orc priests (D:4)
  A sleepcap (D:4)
  An iguana (D:5)
  3 orc wizards (D:4)
  2 gnolls (D:4)
  2 adders
  A dart slug (D:3)
  A ribbon worm (D:2)
  7 orcs
  7 bats
  2 bat zombies (D:4)
  4 endoplasms
  A giant cockroach (D:4)
  7 goblins
  8 hobgoblins
  3 jackals (D:1)
  A quokka (D:3)
  7 ball pythons
  4 frilled lizards
  3 frilled lizard zombies (D:4)
  8 kobolds
  2 rats
79 creatures vanquished.

Notes
Turn   | Place    | Note
-------+----------+-------------------------------------------
     0 | D:1      | BeKind the Octopode Fighter began the quest for the Orb.
     0 | D:1      | Reached XP level 1. HP: 16/16 MP: 1/1
    52 | D:1      | Reached XP level 2. HP: 20/21 MP: 2/2
   369 | D:1      | Reached XP level 3. HP: 26/26 MP: 3/3
   849 | D:2      | Found a shadowy altar of Dithmenos.
  1068 | D:3      | Found Guewnoh's General Store.
  1256 | D:3      | Reached XP level 4. HP: 31/31 MP: 4/4
  1493 | D:3      | Found a transporter.
  1493 | D:3      | Noticed occam's ghost (amateur CoHu)
  1590 | D:3      | Found a transporter.
  1852 | D:4      | Reached XP level 5. HP: 35/37 MP: 5/5
  1863 | D:4      | Found a shadowy altar of Dithmenos.
  1935 | D:4      | Learned a level 2 spell: Scorch
  2237 | D:4      | Found an iron altar of Okawaru.
  2246 | D:4      | Reached XP level 6. HP: 40/43 MP: 5/7
  2259 | D:4      | Became a worshipper of Warmaster Okawaru
  2300 | D:4      | Reached skill level 1 in Spellcasting
  2306 | D:4      | Found an ancient bone altar of Kikubaaqudgha.
  2573 | D:5      | Entered Level 5 of the Dungeon
  2584 | D:5      | Succumbed to an adder's poison

Illustrated notes

Levels and vault maps discovered:
D:1:      ldierk_walled_garden_2, layout_basic,
          nicolae_concentric_dashed_squares_mild, dreamdust_princess_corridor
D:2:      layout_rooms, basic_altar, serial_park_tiny_1, st_stairs_10
D:3:      layout_loops_ring, gammafunk_ghost_mausoleum, serial_shops, shop,
          st_stairs_1, kennysheep_generic_room_10
D:4:      layout_cave_pools, lemuel_zombie_altar_kikubaaqudgha,
          grunt_dithmenos_smoke_and_mirrors, okawaru_altar_gauntlet_db,
          corner_web_ring, guppyfry_early_orc_mine
D:5:      layout_basic, pdpol_wu_jian_five_deadly_venoms

Skill      XL: |  1  2  3  4  5  6 |
---------------+-------------------+-----
Polearms       | 3 |  3.6
Fighting       | 4 |  4.3
Dodging        | 4 |  4.3
Shields        | 4 |  4.3
Spellcasting   | 2 |  2.0

Action                     |  1- 3 |  4- 6 || total
---------------------------+-------+-------++-------
  Melee: Trident           |    66 |    85 ||   151
         Constrict         |    15 |    22 ||    37
         Tentacles         |     8 |    19 ||    27
    Use: Scroll            |       |     1 ||     1
   Stab: Sleeping          |     7 |     8 ||    15
         Distracted        |       |     1 ||     1
 Armour: Skin              |    11 |    32 ||    43
  Dodge: Dodged            |    20 |    41 ||    61
  Block: Buckler           |     9 |    12 ||    21

Table legend: (Time is in decaauts)
 A = Elapsed time spent in this place.
 B = Non-inter-level travel time spent in this place.
 C = Inter-level travel time spent in this place.
 D = Time resting spent in this place.
 E = Time spent auto-exploring this place.
 F = Levels seen in this place.
 G = Mean time per level.
                   A        B        C        D        E       F      G
               +--------+--------+--------+--------+--------+-----+--------+
         Total |   2612 |   2492 |    120 |      0 |   2034 |   5 |  522.4 |
       Dungeon |   2612 |   2492 |    120 |      0 |   2034 |   5 |  522.4 |
               +--------+--------+--------+--------+--------+-----+--------+

Top non-repeatable levels by time:
     D:3: 782 daAuts
     D:4: 738 daAuts
     D:1: 611 daAuts
     D:2: 468 daAuts
     D:5: 12 daAuts
